 Dungeon Crawl Stone Soup version 0.31-a0-986-g5e6e4ef867 (webtiles) character file.

Game seed: 7853458211808166440

731 lunkers the Martial Artist (level 8, -3/55 HPs)
             Began as a Meteoran Shapeshifter on Nov 16, 2023.
             Succumbed to a water moccasin's poison
             ... on level 5 of the Dungeon.
             The game lasted 00:05:56 (1598 turns).

lunkers the Martial Artist (Meteoran Shapeshifter)  Turns: 1598, Time: 00:05:56

Health: -3/55      AC:  7    Str: 14 (15) XL:     8   Next: 24%
Magic:  9/9        EV: 11    Int: 11 (13) God:
Gold:   167        SH:  0    Dex: 12 (15) Spells: 7/7 levels left

rFire   . .          .
                       - Unarmed
rCold   . . .        (shield currently unavailable)
rNeg    . . .        h - +0 ring mail
rPois   .            (no helmet)
rElec   .            (no cloak)
rCorr   .            o - +1 pair of gloves
SInv    .            (no boots)
Will    +....        (no amulet)
Stlth   +            l - +4 ring of slaying
HPRegen 0.29/turn    (no ring)
MPRegen 0.11/turn

%: no passive effects
@: lethally poisoned (-3 -> -23), flux-form, glowing
A: glow, contaminating, reduced hp, sense surroundings 1, otherworldly, glowing,
explore regen
a: Begin Untransformation


You were on level 5 of the Dungeon.
You were something dangerously unstable.
You visited 1 branch of the dungeon, and saw 5 of its levels.

You collected 167 gold pieces.

Inventory:

Armour
 h - a +0 ring mail (worn)
 o - a +1 pair of gloves (worn)
Jewellery
 l - a +4 ring of slaying (left hand)
Talismans
 c - a beast talisman
 d - a flux talisman (active)
Scrolls
 a - a scroll of immolation {unknown}
 e - 4 scrolls of noise {unknown}
 f - a scroll of enchant armour {unknown}
 g - a scroll of identify {unknown}
 k - 2 scrolls of teleportation {unknown}
 n - a scroll of enchant weapon {unknown}
Potions
 b - a potion of lignification
 i - a potion of curing {unknown}
 j - a potion of degeneration
 m - a potion of cancellation {unknown}
 p - a potion of heal wounds {unknown}


   Skills:
 - Level 1.1 Fighting
 - Level 2.1 Dodging
 * Level 8.9 Unarmed Combat
 + Level 6.3 Shapeshifting


You had 7 spell levels left.
You didn't know any spells.
Your spell library contained the following spells:

 Spells                   Type           Power      Damage    Failure   Level
 Magic Dart               Conj           0%         1d3       58%         1
 Call Imp                 Summ           0%         N/A       73%         2
 Mephitic Cloud           Conj/Pois/Air  0%         N/A       91%         3


Dungeon Overview and Level Annotations

Branches:
Dungeon (5/15) Zot: 1425
 Temple: D:4-7

Altars:
Trog


Innate Abilities, Weirdness & Mutations

You are something dangerously unstable.
You glow with magical radiation, making you easy to see and hit.
Foes you strike become dangerously contaminated with magical radiation.
Your maximum health is decreased, since you lack skill for your form.
You are incapable of wielding weapons or throwing items.
You passively map a small area around you.
You are easily found by Zot.
You glow in the dark.
You regain HP and MP as you explore.


Message History

k - 2 scrolls labelled BUCE AMESO (gained 1)
An ogre comes into view. It is wielding a +0 giant spiked club.
The ogre shouts!
A water moccasin comes into view.
The water moccasin hisses angrily.
The ogre hits you with a +0 giant spiked club!!
Ouch! That really hurt!
* * * LOW HITPOINT WARNING * * *
You punch the ogre!
The ogre begins to glow.
The ogre is moderately wounded.
Unknown command.
You hit the ogre.
The ogre glows dangerously bright.
The ogre is heavily wounded.
The ogre barely misses you.
Unknown command.
You punch the ogre!
The ogre shudders as magic cascades through it!!
You kill the ogre!
You hit the water moccasin but do no damage.
The water moccasin begins to glow.
The water moccasin bites you!
* * * LOW HITPOINT WARNING * * *
You are poisoned.
The water moccasin poisons you!
You closely miss the water moccasin.
You feel very sick. The water moccasin bites you.
* * * LOW HITPOINT WARNING * * *
You are lethally poisoned!
The water moccasin poisons you!
You punch the water moccasin!
The water moccasin glows dangerously bright.
The water moccasin is moderately wounded.
* * * LOW HITPOINT WARNING * * *
You feel very sick. The water moccasin bites you.
* * * LOW HITPOINT WARNING * * *
It was a potion of degeneration.
There was something very wrong with that liquid.
You feel weakened.
You feel dopey.
You feel clumsy.
You die...

#.#.##### .## *
#.......###.. ... ..# ,
...........# *#.# #.#
#.........# #># #.#
#.........# #.# #.## *
#.........# #.# #.. *
#....S...# #.# #.#
#....p...######.###.##
#..................... *
#####........######.###<..
........###########.# #.##
#######.............# #.#
############### #.# #.#
#.. ###


You could see a water moccasin (heavy contam).

Vanquished Creatures
  An ogre (D:5)
  3 phantoms (D:4)
  A water moccasin zombie (D:4)
  A bullfrog zombie (D:4)
  2 orc priests (D:3)
  A hound (D:4)
  Jessica (D:3)
  An iguana (D:3)
  A scorpion zombie (D:4)
  An orc wizard (D:3)
  A hound skeleton (D:4)
  A hound zombie (D:4)
  7 gnolls
  An adder (D:3)
  An adder skeleton (D:4)
  A worm (D:2)
  2 orcs
  6 ball pythons
  6 endoplasms
  5 giant cockroaches
  3 goblins (D:3)
  3 hobgoblins
  6 jackals
  3 kobolds
  A quokka (D:1)
  3 bats
  4 frilled lizards
  A jackal zombie (D:4)
  7 rats
75 creatures vanquished.

Vanquished Creatures (others)
  An arcanist (D:4)
1 creature vanquished.

Grand Total: 76 creatures vanquished

Notes
Turn   | Place    | Note
-------+----------+-------------------------------------------
     0 | D:1      | lunkers the Meteoran Shapeshifter began the quest for the
                  | Orb.
     0 | D:1      | Reached XP level 1. HP: 16/16 MP: 2/2
   344 | D:1      | Reached skill level 4 in Unarmed Combat
   344 | D:1      | Reached XP level 2. HP: 22/23 MP: 3/3
   476 | D:1      | Reached XP level 3. HP: 28/28 MP: 4/4
   856 | D:3      | Reached skill level 5 in Unarmed Combat
   856 | D:3      | Reached XP level 4. HP: 30/35 MP: 5/5
   868 | D:3      | Reached XP level 5. HP: 12/40 MP: 6/6
  1073 | D:3      | Noticed Jessica
  1079 | D:3      | Killed Jessica
  1080 | D:3      | Reached skill level 6 in Unarmed Combat
  1103 | D:3      | Reached XP level 6. HP: 47/47 MP: 7/7
  1263 | D:4      | Reached skill level 5 in Shapeshifting
  1350 | D:4      | Reached skill level 7 in Unarmed Combat
  1395 | D:4      | Reached XP level 7. HP: 41/52 MP: 8/8
  1422 | D:4      | Reached skill level 8 in Unarmed Combat
  1462 | D:4      | Reached XP level 8. HP: 49/59 MP: 9/9
  1541 | D:4      | Found a bloodstained altar of Trog.
  1543 | D:4      | Noticed an arcanist
  1547 | D:4      | Killed an arcanist
  1565 | D:5      | Entered Level 5 of the Dungeon
  1597 | D:5      | HP: 1/55 [water moccasin (5)]
  1598 | D:5      | Succumbed to a water moccasin's poison

Illustrated notes

Levels and vault maps discovered:
D:1:      dpeg_arrival_circle_labyrinth_c, layout_loops_corners
D:2:      layout_loops_cross, serial_forest, infiniplex_forest_clump_tiny,
          infiniplex_forest_end_3, infiniplex_forest_lined_2,
          infiniplex_forest_lined_3, infiniplex_forest_lined_1,
          infiniplex_forest_clump_curved, infiniplex_forest_diagonal
D:3:      layout_loops_ring, mainiacjoe_overflow_tiny_flanked,
          kennysheep_generic_room_3, uniq_jessica
D:4:      layout_basic, trog_wizard, ebering_ghost_sewer_f, serial_undead,
          serial_undead_d, serial_undead_b, serial_undead_a, serial_undead_d,
          serial_undead_d, serial_undead_b, serial_undead_a
D:5:      layout_loops_ring, nicolae_nh_ransacked_shop, uniq_pikel, uniq_ijyb

Skill      XL: |  1  2  3  4  5  6  7 |
---------------+----------------------+-----
Unarmed Combat | 4 5 6 7 8 |  8.9
Shapeshifting  | 4 5 6 |  6.3
Fighting       | |  1.1
Dodging        | |  2.1

Action                     |  1- 3 |  4- 6 |  7- 9 || total
---------------------------+-------+-------+-------++-------
  Melee: Unarmed           |    65 |   107 |    58 ||   230
         Punch             |     4 |     2 |       ||     6
    Use: Potion            |       |       |     1 ||     1
 Armour: Animal skin       |    13 |       |       ||    13
         Ring mail         |     9 |    78 |    38 ||   125
  Dodge: Dodged            |    35 |    94 |    35 ||   164
   Form: Flux              |       |     1 |       ||     1

Table legend: (Time is in decaauts)
 A = Elapsed time spent in this place.
 B = Non-inter-level travel time spent in this place.
 C = Inter-level travel time spent in this place.
 D = Time resting spent in this place.
 E = Time spent auto-exploring this place.
 F = Levels seen in this place.
 G = Mean time per level.
                   A        B        C        D        E       F      G
               +--------+--------+--------+--------+--------+-----+--------+
         Total |   1574 |   1553 |     21 |      0 |    997 |   5 |  314.8 |
       Dungeon |   1574 |   1553 |     21 |      0 |    997 |   5 |  314.8 |
               +--------+--------+--------+--------+--------+-----+--------+

Top non-repeatable levels by time:
     D:1: 495 daAuts
     D:3: 465 daAuts
     D:2: 330 daAuts
     D:4: 252 daAuts
     D:5: 31 daAuts
